 Dungeon Crawl Stone Soup version 0.29.0-11-gd7f09526c8 (webtiles) character file.

Game seed: 12480604825766111171

67 Zeldest the Ruffian (level 4, -8/38 HPs)
             Began as a Meteoran Delver on Sept 3, 2022.
             Mangled by an ogre
             ... wielding a +0 giant spiked club
              (17 damage)
             ... on level 4 of the Dungeon.
             The game lasted 00:03:33 (976 turns).

Zeldest the Ruffian (Meteoran Delver)                Turns: 976, Time: 00:03:34

Health: -8/38      AC:  6    Str: 16    XL:     4   Next: 65%
Magic:  5/5        EV: 10    Int: 13    God:
Gold:   135        SH:  0    Dex: 15    Spells: 3/3 levels left

rFire   . . .      SeeInvis .   g - +5 hand axe of Vemnykh {flame, Int+2 Stlth+}
rCold   . . .      Faith    .   (no shield)
rNeg    . . .      Spirit   .   d - +0 scale mail
rPois   .          Reflect  .   (no helmet)
rElec   .          Harm     .   (no cloak)
rCorr   .          Rampage  .   (no gloves)
Will    .....                   (no boots)
Stlth   +.........              (no amulet)
HPRegen 0.12/turn               (no ring)
MPRegen 0.09/turn               (no ring)

@: hasted, glowing, very quick
A: sense surroundings 1, otherworldly, glowing, explore regen
a: no special abilities


You were on level 4 of the Dungeon.
You visited 1 branch of the dungeon, and saw 5 of its levels.

You collected 135 gold pieces.

Inventory:

Hand Weapons
 g - the +5 hand axe of Vemnykh (weapon) {flame, Int+2 Stlth+}
   (You found it on level 3 of the Dungeon)

   It burns those it strikes, dealing additional fire damage.
   Big, fiery blades are also staple armaments of hydra-hunters.
   Int:       It affects your intelligence (+2).
   Stlth:     It makes you more stealthy.
Armour
 a - a +0 leather armour
 d - a +0 scale mail (worn)
Wands
 f - a wand of digging (3)
Scrolls
 b - a scroll of fog
 i - 2 scrolls of vulnerability {unknown}
 n - a scroll of magic mapping
 o - 6 scrolls of identify {unknown}
 p - a scroll of teleportation {unknown}
Potions
 c - a potion of lignification {unknown}
 e - 2 potions of haste
 h - 2 potions of might {unknown}
 j - a potion of brilliance {unknown}
 k - 2 potions of attraction {unknown}
 l - a potion of mutation {unknown}
 m - a potion of heal wounds {unknown}


   Skills:
 - Level 3.2 Fighting
 - Level 2.4 Dodging
 - Level 3.7 Stealth
 + Level 5.2 Unarmed Combat


You had 3 spell levels left.
You didn't know any spells.
Your spell library contained the following spells:

 Spells                   Type           Power      Damage    Failure   Level
 Scorch                   Fire           0%         2d5       87%         2
 Flame Wave               Conj/Fire      0%         2d4       100%        4
 Summon Cactus Giant      Summ           0%         N/A       100%        6


Dungeon Overview and Level Annotations

Branches:
Dungeon (5/15) Zot: 1988
 Temple: D:4-7

Altars:
The Shining One


Innate Abilities, Weirdness & Mutations

You passively map a small area around you.
You are easily found by Zot.
You glow in the dark.
You regain HP and MP as you explore.


Message History

You open the door.
There is an open door here.
You open the door.
Found a staircase leading out of the dungeon.
There is an open door here.
You open the door.
There is an open door here.
You open the door.
There is an open door here.
There is an open door here.
Things that are here:
a +0 short sword; a ball python corpse
There is a stone staircase leading down here.
You climb downwards.
There is a stone staircase leading up here.
You see here 6 stones.
You see here a +0 club.
There is a stone staircase leading down here.
You climb downwards.
There is a stone staircase leading up here.
You see here a hobgoblin skeleton.
There is a stone staircase leading down here.
You climb downwards.
There is a stone staircase leading up here.
Found a dagger.
An ogre comes into view. It is wielding a +0 giant spiked club.
Found a stone staircase leading down.
Okay, then.
You feel yourself speed up.
You hit the ogre. You burn the ogre.
The ogre is moderately wounded.
The ogre hits you with a +0 giant spiked club!!
Ouch! That really hurt!
* * * LOW HITPOINT WARNING * * *
You hear a shout!
You slash the ogre! You burn the ogre.
The ogre is severely wounded.
An adder comes into view.
The ogre hits you with a +0 giant spiked club!
You die...

* ,, *#S# * ,
#.# , ,.># *
, *#.# ,##.##
...# ..#O.# ,
,#.#@.# * *
#.#..#### *
** #.#.....#
, * #
#.#.###.#
..##.####.#.#
#.#
..$.......#.#
#.#
#.##<....#
#.#
#.......##
#.# , ,
.######..#
#.###


You could see an ogre and an adder (wandering).

Vanquished Creatures
  An adder (D:2)
  2 ball pythons (D:1)
  4 bats
  5 endoplasms
  A giant cockroach (D:1)
  2 goblins
  5 hobgoblins
  14 jackals (D:1)
  5 kobolds (D:1)
  A quokka (D:1)
  A frilled lizard (D:1)
  5 rats
46 creatures vanquished.

Vanquished Creatures (others)
  8 plants (D:1)
8 creatures vanquished.

Grand Total: 54 creatures vanquished

Notes
Turn   | Place    | Note
-------+----------+-------------------------------------------
     0 | D:5      | Zeldest the Meteoran Delver began the quest for the Orb.
     0 | D:5      | Reached XP level 1. HP: 19/19 MP: 2/2
    27 | D:5      | Noticed an orc wizard
    27 | D:5      | Noticed a hound
    76 | D:3      | Identified the +5 hand axe of Vemnykh {flame, Int+2 Stlth+}
   216 | D:2      | Reached skill level 3 in Unarmed Combat
   216 | D:2      | Reached XP level 2. HP: 11/26 MP: 3/3
   348 | D:2      | Reached XP level 3. HP: 31/31 MP: 4/4
   407 | D:1      | Reached skill level 4 in Unarmed Combat
   588 | D:1      | Reached XP level 4. HP: 38/38 MP: 5/5
   663 | D:1      | Reached skill level 5 in Unarmed Combat
   971 | D:4      | Noticed an ogre
   976 | D:4      | Mangled by an ogre

Illustrated notes

Levels and vault maps discovered:
D:1:      erik_arrival_triangle_medium, layout_loops_ring, st_stairs_14,
          serial_bayou_pond_c
D:2:      layout_rooms
D:3:      layout_loops_cross, dilly_ecumenical_altar_fadedgnrine
D:4:      layout_basic, mainiacjoe_overflow_catch_the_wave,
          lemuel_temple_firewalk_b
D:5:      layout_basic, chei_slow_surprise, tso_metal_star,
          sigmund_edmund_badplayer

Skill      XL: |  1  2  3  4 |
---------------+-------------+-----
Unarmed Combat | 3 4 5 |  5.2
Fighting       | |  3.2
Dodging        | |  2.4
Stealth        | |  3.7

Action                   |  1- 3 |  4- 6 || total
-------------------------+-------+-------++-------
Melee: Hand axe          |    53 |    36 ||    89
  Use: Scroll            |     2 |       ||     2
       Potion            |       |     1 ||     1
 Stab: Sleeping          |     1 |       ||     1
Armor: Scale mail        |    49 |    19 ||    68
Dodge: Dodged            |    35 |    14 ||    49
